 Dungeon Crawl Stone Soup version 0.28.0 (webtiles) character file.

Game seed: 11672490447405387802

492 SnakkuSnakku7 the Poker (level 7, -5/56 HPs)
             Began as a Merfolk Fire Elementalist on Feb 7, 2022.
             Was a Believer of Lugonu.
             Slain by a gnoll (10 damage)
             ... on level 3 of the Dungeon.
             The game lasted 00:05:56 (4244 turns).

SnakkuSnakku7 the Poker (Merfolk Fire Elementalist) Turns: 4244, Time: 00:05:57

Health: -5/56      AC:  3    Str: 10    XL:     7   Next: 14%
Magic:  19/19      EV: 12    Int: 15    God:    Lugonu [**....]
Gold:   14         SH:  0    Dex: 14    Spells: 9/10 levels left

rFire   . . .      SeeInvis .   b - +4 dagger (venom)
rCold   . . .      Faith    .   (no shield)
rNeg    . . .      Spirit   .   i - +0 robe
rPois   .          Reflect  .   (no helmet)
rElec   .          Harm     .   (no cloak)
rCorr   .          Rampage  .   (no gloves)
Will    .....                   c - +0 pair of boots
Stlth   ++........              h - amulet of magic regeneration
HPRegen 0.18/turn               d - ring of magical power
MPRegen 0.56/turn               (no ring)

@: no status effects
A: (nimble swimmer 2), mertail
a: Renounce Religion, Depart the Abyss, Bend Space


You were on level 3 of the Dungeon.
You worshipped Lugonu.
Lugonu was pleased with you.
You visited 1 branch of the dungeon, and saw 3 of its levels.

You collected 89 gold pieces.
You spent 75 gold pieces at shops.

Inventory:

Hand Weapons
 a - a +0 spear
 b - a +4 dagger of venom (weapon)
Armour
 c - a +0 pair of boots (worn)
 i - a +0 robe (worn)
Jewellery
 d - a ring of magical power (left hand)
 h - an amulet of magic regeneration (around neck)
Scrolls
 f - a scroll of immolation {unknown}
 k - a scroll of blinking {unknown}
 l - 2 scrolls of teleportation {unknown}
 m - 3 scrolls of fog {unknown}
 o - a scroll of noise {unknown}
 p - a scroll of identify {unknown}
Potions
 e - a potion of flight {unknown}
 g - a potion of curing {unknown}
 j - 3 potions of might {unknown}
 n - a potion of brilliance {unknown}


   Skills:
 + Level 5.5 Fighting
 + Level 7.0 Polearms
 - Level 2.6 Dodging
 - Level 2.1 Stealth
 - Level 2.0 Spellcasting
 - Level 0.7 Conjurations
 - Level 2.1 Fire Magic


You had 9 spell levels left.
You knew the following spells:

 Your Spells              Type           Power      Damage    Failure   Level
a - Foxfire               Conj/Fire      20%        2x1d5     12%         1

Your spell library contained the following spells:

 Spells                   Type           Power      Damage    Failure   Level
 Scorch                   Fire           16%        2d6       14%         2
 Conjure Flame            Conj/Fire      5%         6-21      36%         3
 Inner Flame              Hex/Fire       4%         N/A       38%         3
 Flame Wave               Conj/Fire      5%         2d5       77%         4


Dungeon Overview and Level Annotations

Branches:
Dungeon (3/15)

Altars:
Lugonu

Shops:
D:1 :   D:2 *   D:3 *(*


Innate Abilities, Weirdness & Mutations

((You are very nimble when in or above water. (Stealth+, EV+, Speed+++)))
Your lower body shifts to a powerful aquatic tail in water.


Message History

You hit the gnoll.
The gnoll is almost dead.
You kill the gnoll!
Lugonu accepts your kill.
No target in view!
You start resting.
A gnoll shaman comes into view. It is wielding a +0 whip.
A gnoll comes into view. It is wielding a +0 halberd.
The gnoll shaman hits you with a +0 whip!
Things that are here:
a +0 flail; a gnoll corpse You see here a +0 whip.
The gnoll shouts!
You hit the gnoll shaman.
The gnoll shaman is poisoned.
The gnoll shaman is lightly wounded.
You hear a shout!
The gnoll hits you from afar with a +0 halberd.
The gnoll shaman calls upon its god to speed up the gnoll.
The gnoll seems to speed up.
You hit the gnoll shaman.
The gnoll shaman is lightly wounded.
The gnoll closely misses you.
A gnoll comes into view. It is wielding a +0 spear.
The gnoll shaman hits you with a +0 whip!
* * * LOW HITPOINT WARNING * * *
The gnoll closely misses you.
Okay, then.
Okay, then.
Okay, then.
You fail to use your ability.
The gnoll misses you.
The gnoll shaman hits you with a +0 whip!
* * * LOW HITPOINT WARNING * * *
Unknown command.
Space bends around you!
You blink.
The gnoll barely misses you. The gnoll closely misses you. x2
Unknown command.
Space bends around you!
You blink.
Found 10 gold pieces.
The gnoll hits you but does no damage. The gnoll hits you with a +0 spear!
You die...

.## .......
..# #.# ##
#.# .. #)#
##.##
#)##########
#.$.
...........#
#..####.#
....######.#
#.......#
...##
#)#####@#
####
#ยง.g.gg.#
#########


You could see a gnoll shaman (very poisoned) and 2 gnolls.

Vanquished Creatures
  Sigmund (D:2)
  An ice beast (D:2)
  Jessica (D:3)
  An orc wizard (D:3)
  Natasha (twice) (D:2)
  2 gnolls (D:3)
  5 adders
  2 worms
  4 dart slugs
  8 orcs (D:3)
  9 endoplasms
  2 giant cockroaches
  5 hobgoblins
  3 jackals (D:2)
  6 kobolds
  3 quokkas
  6 ball pythons
  A bat (D:3)
  4 frilled lizards
  3 goblins
  2 rats (D:2)
71 creatures vanquished.

Vanquished Creatures (others)
  5 foxfires (D:2)
5 creatures vanquished.

Grand Total: 76 creatures vanquished

Notes
Turn   | Place    | Note
-------+----------+-------------------------------------------
     0 | D:1      | SnakkuSnakku7 the Merfolk Fire Elementalist began the quest
                  | for the Orb.
     0 | D:1      | Reached XP level 1. HP: 13/13 MP: 3/3
   152 | D:1      | Reached skill level 1 in Fighting
   172 | D:1      | Reached skill level 1 in Polearms
   349 | D:1      | Found Lytun's Book Shop.
   353 | D:1      | Reached XP level 2. HP: 21/21 MP: 5/5
   553 | D:1      | Reached skill level 2 in Polearms
   813 | D:1      | Reached XP level 3. HP: 26/27 MP: 6/6
   886 | D:1      | Found a faded altar of an unknown god.
   893 | D:1      | Prayed at the altar of an unknown god.
   893 | D:1      | Became a worshipper of Lugonu the Unformed
   893 | D:1      | Reached * piety under Lugonu
   893 | D:1      | Reached ** piety under Lugonu
  1348 | D:2      | Reached skill level 3 in Polearms
  1658 | D:2      | Found Pukeps's General Store.
  1672 | D:2      | Reached XP level 4. HP: 15/34 MP: 7/7
  1966 | D:2      | Noticed Sigmund
  2113 | D:2      | Noticed Natasha
  2179 | D:2      | Killed Natasha
  2239 | D:2      | Reached skill level 4 in Polearms
  2953 | D:2      | Identified the +5 hunting sling of Xoump {freeze, Str+5}
  3159 | D:2      | Killed Sigmund
  3160 | D:2      | Reached skill level 5 in Polearms
  3160 | D:2      | Reached XP level 5. HP: 31/43 MP: 8/8
  3160 | D:2      | Reached XP level 6. HP: 36/49 MP: 9/9
  3194 | D:3      | Noticed Jessica
  3196 | D:3      | Killed Jessica
  3249 | D:3      | Found Ditremno's Assorted Antiques.
  3265 | D:3      | Bought a scroll labelled PANTUSMU HATEN for 26 gold pieces
  3265 | D:3      | Bought a scroll labelled ZIKEJA QIUTUI for 26 gold pieces
  3265 | D:3      | Bought a bubbling amethyst potion for 23 gold pieces
  3383 | D:3      | Noticed an ice beast
  3484 | D:2      | Killed an ice beast
  3485 | D:2      | Reached skill level 5 in Fighting
  3485 | D:2      | Reached skill level 6 in Polearms
  3535 | D:2      | Noticed Natasha
  3543 | D:2      | Killed Natasha
  3859 | D:3      | Found Xoege's Weapon Shoppe.
  3876 | D:3      | Found Fuomor's General Store.
  3987 | D:3      | Reached XP level 7. HP: 38/56 MP: 10/10
  4223 | D:3      | Reached skill level 7 in Polearms
  4244 | D:3      | Slain by a gnoll

Illustrated notes

Levels and vault maps discovered:
D:1:      dpeg_arrival_shelter, layout_basic, serial_shops,
          nicolae_shop_competitors_out_of_business,
          dilly_ecumenical_altar_fadedgnrine
D:2:      layout_loops_corners, serial_shops, nicolae_diamond_shop,
          minmay_crystal_water, kennysheep_generic_room_14, uniq_sigmund,
          uniq_natasha
D:3:      layout_loops_cross, serial_shops, nicolae_shop_hallway_stairs,
          nicolae_shop_window_shopping, shop, shop, uniq_jessica

Skill      XL: |  1  2  3  4  5  6  7 |
---------------+----------------------+-----
Fighting       | 1 2 4 5 |  5.5
Polearms       | 1 2 3 5 6 7 |  7.0
Dodging        | |  2.6
Stealth        | |  2.1
Spellcasting   | |  2.0
Conjurations   | |  0.7
Fire Magic     | |  2.1

Action                   |  1- 3 |  4- 6 |  7- 9 || total
-------------------------+-------+-------+-------++-------
Melee: Spear             |   133 |    79 |       ||   212
       Punch             |     2 |     1 |       ||     3
       Dagger            |       |    51 |    30 ||    81
 Cast: Foxfire           |       |     4 |       ||     4
Invok: Bend Space        |       |       |     2 ||     2
 Stab: Sleeping          |     6 |     3 |       ||     9
       Distracted        |       |     1 |       ||     1
Armor: Robe              |    24 |    23 |     4 ||    51
Dodge: Dodged            |    63 |    57 |    14 ||   134
